 Dungeon Crawl Stone Soup version 0.17-a0-2069-g0f4ee5b (webtiles) character file.

103 4thArraOfDagon the Insei (level 4, -2/24 HPs)
             Began as a Vine Stalker Monk on Oct 13, 2015.
             Slain by Menkaure (8 damage)
             ... on level 5 of the Dungeon.
             The game lasted 00:05:06 (786 turns).

4thArraOfDagon the Insei (Vine Stalker Monk)         Turns: 786, Time: 00:05:06

Health: -2/24      AC:  6    Str: 13      XL:     4   Next: 79%
Magic:  0/14       EV: 10    Int: 11      God:
Gold:   85         SH:  0    Dex: 14 (17) Spells: 0 memorised, 3 levels left

rFire  . . .     SeeInvis .       - Unarmed
rCold  . . .     Clarity  .     k - +0 scale mail
rNeg   . . .     SustAt   .     (no shield)
rPois  .         Gourm    .     (no helmet)
rElec  .         Spirit   +     (no cloak)
rCorr  .         Warding  .     (no gloves)
rMut   .         Stasis   .     (no boots)
MR     .....                    (no amulet)
Stlth  +.........               (no ring)
                                i - ring of magical power

@: not resistant to hostile enchantments, very unstealthy
A: fangs 2, regeneration 1, magic shield, antimagic bite, no device heal 3, rot
immunity
a: no special abilities


You were on level 5 of the Dungeon.
You were not hungry.

You visited 1 branch of the dungeon, and saw 5 of its levels.

You collected 85 gold pieces.

Inventory:

Armour
 k - a +0 scale mail (worn)
Jewellery
 i - a ring of magical power (left hand)
Scrolls
 c - a scroll of amnesia
Potions
 d - a potion of agility
 g - a potion of poison
 l - a potion of brilliance
Comestibles
 a - 5 chunks of flesh
 b - 2 bread rations
 f - a beef jerky


   Skills:
 + Level 3.4 Fighting
 + Level 3.1 Dodging
 - Level 2.4 Stealth
 * Level 4.9 Unarmed Combat


You had 3 spell levels left.
You didn't know any spells.

Dungeon Overview and Level Annotations

Branches:
Dungeon (5/15)
 Temple: D:4-7

Altars:
Elyvilon
Trog

Annotations:
D:3 Terence
D:4 Typee's ghost, amateur OpNe
D:5 Menkaure


Innate Abilities, Weirdness & Mutations

You have extremely sharp teeth.
Your natural rate of healing is unusually fast.
When hurt, damage is shared between your health and your magic reserves.
Your bite disrupts and absorbs the magic of your enemies.
Potions and wands cannot restore your health.
You are immune to rotting.


Message History

Menkaure barely misses you.
Unknown command.
Unknown command.
Unknown command.
You hit Menkaure. You bite Menkaure, but do no damage.
Menkaure is almost destroyed.
Menkaure misses you.
An orc wizard comes into view. It is wielding a dagger.
Unknown command.
Unknown command.
You hit Menkaure but do no damage.
Menkaure is almost destroyed.
Menkaure barely misses you.
Unknown command.
Unknown command.
Unknown command.
You hit Menkaure. You bite Menkaure, but do no damage.
Menkaure is almost destroyed.
Menkaure hits you!
You die...

..## #.## #..#...#.....# ...#
#<.# #..# #......# #..##
##.##..# ##.....# ♣♣ #...#
#....# #.....# ♣.♣.
#...#####...## ##....# ♣...
M..........## ##....# ..♣
#...........## ##.....#♣.♣
#............#######.........♣
#.####...###.ooM@.........#♣♣♣
.## ##.## #.o####........# .
#..# #.o# ##.......# # #..#
#.## #.......# .... #o#
##......# #!#..# #.#
##.......# ..##...#.##
##..##.#### ...
#.....###..###.## ....
#.........## ##.#


You could see Menkaure, an orc priest, an orc wizard and an orc.

Vanquished Creatures
  An iguana (D:5)
  A worker ant (D:5)
  2 adders
  A worm (D:5)
  3 orcs (D:5)
  4 goblins
  3 hobgoblins
  4 jackals (D:4)
  A quokka (D:2)
  3 bats
  A giant cockroach (D:3)
  2 giant newts (D:4)
  3 kobolds
  2 rats
31 creatures vanquished.

Notes
Turn   | Place    | Note
--------------------------------------------------------------
     0 | D:1      | 4thArraOfDagon the Vine Stalker Monk began the quest for the Orb.
     0 | D:1      | Reached XP level 1. HP: 11/11 MP: 2/2
    90 | D:1      | Reached XP level 2. HP: 5/16 MP: 1/3
   163 | D:2      | Found a bloodstained altar of Trog.
   267 | D:3      | Reached XP level 3. HP: 12/20 MP: 4/4
   291 | D:3      | Found a white marble altar of Elyvilon.
   292 | D:3      | Noticed Terence
   359 | D:5      | Entered Level 5 of the Dungeon
   370 | D:5      | Noticed Menkaure
   597 | D:4      | Noticed Typee's ghost (amateur OpNe)
   657 | D:5      | Reached XP level 4. HP: 13/24 MP: 5/5
   786 | D:5      | Slain by Menkaure

Vault maps used:
D:1:      lightli_arrival_boilingwater
D:2:      yredelemnul_altar_generic, bloody_trog
D:3:      elyvilon_altar_5, uniq_terence
D:4:      first_bread
D:5:      forest_paths, uniq_sigmund, uniq_menkaure

Action                   |  1- 3 |  4- 6 || total
-------------------------+-------+-------++-------
Melee: Unarmed           |    98 |    29 ||   127
  Use: Scroll            |     7 |     1 ||     8
       Potion            |     3 |     2 ||     5
 Stab: Sleeping          |     4 |       ||     4
